 Dungeon Crawl Stone Soup version 0.28-a0-1286-g6bde065e89 (webtiles) character file.

Game seed: 10172857132808576087

1795 Zonian the Gusty (level 9, -9/43 HPs)
             Began as a Tengu Air Elementalist on Dec 27, 2021.
             Was a Believer of Hepliaklqana.
             Mangled by an ice devil (19 damage)
             ... summoned by a kobold demonologist
             ... on level 6 of the Dungeon.
             The game lasted 00:15:01 (10659 turns).

Zonian the Gusty (Tengu Air Elementalist)          Turns: 10659, Time: 00:15:02

Health: -9/43      AC:  3    Str: 17      XL:     9   Next: 9%
Magic:  4/17       EV: 17    Int: 23      God:    Hepliaklqana [**....]
Gold:   193        SH:  0    Dex: 13 (15) Spells: 7/17 levels left

rFire   . . .      SeeInvis .   (no weapon)
rCold   . . .      Faith    .   (no shield)
rNeg    . . .      Spirit   .   r - +1 robe of Maumokia {rCorr}
rPois   .          Reflect  .   (helmet restricted)
rElec   .          Harm     .   (no cloak)
rCorr   +          Rampage  .   (no gloves)
Will    .....                   (boots unavailable)
Stlth   +++.......              w - amulet of regeneration
HPRegen 0.94/turn               c - +6 ring of intelligence
MPRegen 0.15/turn               t - +6 ring of strength

@: flying quickly and evasively, very slightly contaminated, quick
A: reduced essence, beak, talons 3, nimble flight
a: Renounce Religion, Recall Ancestor, Ancestor Identity


You were on level 6 of the Dungeon.
You worshipped Hepliaklqana.
Hepliaklqana was pleased with you.
You visited 1 branch of the dungeon, and saw 7 of its levels.

You collected 193 gold pieces.

Inventory:

Hand Weapons
 e - a +1 short sword
 j - a +0 hand crossbow
 y - the +3 scimitar of Okawaru's Castigation {spect, rC+}
   (You acquired it on level 6 of the Dungeon)

   When its wielder attacks, the weapon's spirit leaps out and strikes again.
   The spirit shares a part of any damage it takes with its wielder.
   rC:        It protects you from cold.
Missiles
 h - 39 poisoned darts
 s - 7 curare-tipped darts
Armour
 a - a +0 robe
 r - the +1 robe of Maumokia (worn) {rCorr}
   (You found it on level 5 of the Dungeon)

   rCorr:     It protects you from acid and corrosion.
Jewellery
 c - a +6 ring of intelligence (left hand)
 m - a +6 ring of intelligence
 o - an amulet of regeneration
 t - a +6 ring of strength (right hand)
 w - an amulet of regeneration (around neck)
Wands
 l - a wand of digging (10)
Scrolls
 b - a scroll of summoning
 d - a scroll of fog
 p - a scroll of teleportation
 u - a scroll of enchant weapon
Potions
 f - 2 potions of might
 g - a potion of haste {unknown}
 i - 3 potions of resistance {unknown}
 k - a potion of lignification
 n - 2 potions of berserk rage
 q - a potion of heal wounds {unknown}
 v - 2 potions of curing
 x - a potion of cancellation {unknown}


   Skills:
 + Level 2.0 Fighting
 - Level 1.0 Long Blades
 + Level 5.7 Dodging
 + Level 5.6 Stealth
 + Level 4.8 Spellcasting
 + Level 6.4 Conjurations
 + Level 7.5 Air Magic
 + Level 1.3 Invocations


You had 7 spell levels left.
You knew the following spells:

 Your Spells              Type           Power      Damage    Failure   Level
a - Shock                 Conj/Air       100%       1d9       1%          1
b - Static Discharge      Conj/Air       37%        N/A       1%          2
c - Swiftness             Air            40%        N/A       1%          3
d - Airstrike             Air            20%        N/A       4%          4

Your spell library contained the following spells:

 Spells                   Type           Power      Damage    Failure   Level
 Irradiate                Conj/Tmut      10%        3d17      56%         5
 Blade Hands              Tmut           2%         N/A       95%         5
 Dragon Form              Tmut           2%         N/A       100%        7


Dungeon Overview and Level Annotations

Branches:
Dungeon (7/15)
 Temple: D:4-7

Altars:
Dithmenos
Elyvilon
Fedhas
Gozag
Hepliaklqana
Kikubaaqudgha
Makhleb
Qazlal
Ru
Wu Jian

Annotations:
D:3 2 transporters, pokeman's ghost, amateur DEWz


Innate Abilities, Weirdness & Mutations

Your life essence is reduced to manifest your ancestor. (-10% HP)
You have a beak for a mouth.
You have claws for feet.
Your magical nature lets you fly swiftly and evasively.


Message History

The kobold demonologist hits you with a +0 dagger.
Casting: Static Discharge (safe; 1% risk of failure)
Confirm with . or Enter, or press ? or * to list all spells.
The kobold demonologist is struck by an arc of lightning!
The kobold demonologist is severely wounded.
KetsunoAna avoids your attack. x2
KetsunoAna hits the kobold demonologist with a +0 dagger of draining!
The kobold demonologist hits KetsunoAna with a +0 dagger.
You hit the kobold demonologist but do no damage.
You claw the kobold demonologist, but do no damage.
The kobold demonologist is almost dead.
KetsunoAna barely misses the kobold demonologist.
The kobold demonologist hits you with a +0 dagger.
You hit the kobold demonologist but do no damage.
Your kick misses the kobold demonologist.
Your peck misses the kobold demonologist.
The kobold demonologist is almost dead.
KetsunoAna hits the kobold demonologist but does no damage.
The kobold demonologist hits you with a +0 dagger.
You closely miss the kobold demonologist.
You claw the kobold demonologist.
Your peck misses the kobold demonologist.
The kobold demonologist is almost dead.
KetsunoAna points at the kobold demonologist and mumbles some strange words.
The kobold demonologist easily resists.
The kobold demonologist hits KetsunoAna with a +0 dagger.
You hit the kobold demonologist but do no damage.
The kobold demonologist is almost dead.
KetsunoAna barely misses the kobold demonologist.
The kobold demonologist mumbles some strange words.
Unknown command.
You barely miss the kobold demonologist.
Your kick misses the kobold demonologist.
The kobold demonologist is almost dead.
KetsunoAna completely misses the kobold demonologist.
The kobold demonologist hits you with a +0 dagger.
The ice devil hits you!
* * * LOW HITPOINT WARNING * * *
The ice devil freezes you!!
You die...

.# .# .# .# .#
.#################
.........#.......#
.........#.#####.#
...#####.#.#####@###
..............5KR4.#
.#.........#########
.#####'####### .#
#.........# .#
#.....)...# .#
#.........# .#
#.........# .#
#.........#


You could see the friendly KetsunoAna the hexer, an ice devil (summoned), a
kobold demonologist (ally target) and an ufetubus (summoned).

Vanquished Creatures
  2 ice beasts (D:5)
  An orc warrior (D:6)
  An ogre (D:4)
  A necrophage (D:5)
  A centaur (D:5)
  A phantom (D:6)
  2 scorpions
  A gnoll sergeant (D:6)
  2 centaur zombies (D:6)
  An orc priest (D:6)
  A hound (D:6)
  A scorpion zombie (D:5)
  A hound zombie (D:5)
  5 gnolls (D:6)
  A howler monkey skeleton (D:5)
  4 adders
  A worm (D:5)
  6 dart slugs
  5 orcs
  6 bats
  11 endoplasms
  4 giant cockroaches
  10 goblins
  8 hobgoblins
  8 jackals
  7 quokkas
  3 ball pythons
  5 frilled lizards
  8 kobolds
  3 rats (D:1)
111 creatures vanquished.

Vanquished Creatures (collateral kills)
  3 necrophages
  2 kobold brigands
  A bullfrog (D:6)
  3 hounds
  A centaur skeleton (D:4)
  An iguana (D:6)
  A killer bee zombie (D:6)
  2 worms (D:4)
  4 orcs
  2 endoplasms (D:3)
  A giant cockroach (D:4)
21 creatures vanquished.

Grand Total: 132 creatures vanquished

Notes
Turn   | Place    | Note
-------+----------+-------------------------------------------
     0 | D:1      | Zonian the Tengu Air Elementalist began the quest for the
                  | Orb.
     0 | D:1      | Reached XP level 1. HP: 10/10 MP: 4/4
    73 | D:1      | Reached XP level 2. HP: 7/15 MP: 1/6
   241 | D:1      | Learned a level 2 spell: Static Discharge
   651 | D:1      | Reached XP level 3. HP: 19/19 MP: 3/7
  2249 | D:2      | Found a faded altar of an unknown god.
  2257 | D:2      | Prayed at the altar of an unknown god.
  2257 | D:2      | Became a worshipper of Hepliaklqana the Forgotten
  2257 | D:2      | Reached * piety under Hepliaklqana
  2596 | D:2      | Reached XP level 4. HP: 21/21 MP: 4/8
  2915 | D:3      | Learned a level 3 spell: Swiftness
  3762 | D:3      | Found a blossoming altar of Fedhas.
  3967 | D:3      | Found a transporter.
  4230 | D:3      | Found a transporter.
  4253 | D:3      | Noticed pokeman's ghost (amateur DEWz)
  4271 | D:3      | Gained mutation: Your magical nature lets you fly swiftly
                  | and evasively. [Tengu growth]
  4271 | D:3      | Reached XP level 5. HP: 21/25 MP: 6/10
  4653 | D:4      | Reached skill level 5 in Air Magic
  4705 | D:4      | Noticed a necrophage
  4712 | D:4      | Killed a necrophage
  4713 | D:4      | Reached XP level 6. HP: 28/28 MP: 3/11
  5158 | D:4      | Found a shadowy altar of Dithmenos.
  5580 | D:4      | Noticed a necrophage
  5600 | D:4      | Killed a necrophage
  5601 | D:4      | Reached XP level 7. HP: 18/32 MP: 2/13
  6057 | D:4      | Reached ** piety under Hepliaklqana
  6058 | D:4      | Remembered your ancestor KetsunoAna as a hexer
  6554 | D:5      | Entered Level 5 of the Dungeon
  6791 | D:5      | Reached skill level 6 in Air Magic
  7375 | D:5      | Found a burning altar of Makhleb.
  7422 | D:5      | Found a white marble altar of Elyvilon.
  7479 | D:5      | Reached skill level 5 in Conjurations
  7668 | D:5      | Reached XP level 8. HP: 29/36 MP: 8/15
  7676 | D:5      | Identified the +1 robe of Maumokia {rCorr}
  7954 | D:5      | Found a sacrificial altar of Ru.
  8058 | D:5      | Found an ornate altar of the Wu Jian Council.
  8070 | D:5      | Reached skill level 5 in Dodging
  8333 | D:6      | Learned a level 4 spell: Airstrike
  8400 | D:6      | Reached skill level 5 in Stealth
  8476 | D:6      | Found an opulent altar of Gozag.
  8527 | D:6      | Identified a scroll of acquirement
  8527 | D:6      | Acquired the +3 scimitar of Okawaru's Castigation {spect,
                  | rC+}
  8546 | D:6      | Found a hazy altar of Hepliaklqana.
  8657 | D:6      | Reached skill level 7 in Air Magic
  8683 | D:6      | Reached skill level 1 in Long Blades
  9078 | D:6      | Reached skill level 1 in Fighting
 10067 | D:6      | Found a stormy altar of Qazlal.
 10069 | D:6      | Noticed a water elemental
 10069 | D:6      | Noticed an air elemental
 10136 | D:6      | Found an ancient bone altar of Kikubaaqudgha.
 10223 | D:6      | Reached skill level 1 in Invocations
 10223 | D:6      | Reached XP level 9. HP: 32/43 MP: 0/17
 10623 | D:7      | Noticed a kobold demonologist
 10659 | D:6      | Noticed an ice devil
 10659 | D:6      | Mangled by an ice devil

Illustrated notes

Levels and vault maps discovered:
D:1:      lemuel_arrival_broad_hall, layout_basic, minmay_domino_2
D:2:      layout_loops_cross, ebering_ecumenical_altar_ruins,
          minmay_misc_feat_nine_boxes, st_stairs_10
D:3:      layout_rooms, fedhas_altar_1, gammafunk_ghost_mausoleum, minmay_vboxes
D:4:      layout_cave_pools, kennysheep_mini
D:5:      layout_basic, elyvilon_altar_4, general_overflow_altar,
          mainiacjoe_overflow_surrounded_room,
          nicolae_wu_jian_immortal_techniques
D:6:      layout_basic, nicolae_qazlal_style_of_elements,
          worldfamousw_hep_ancestral_shrine, old_standard_altar,
          kennysheep_little_box
D:7:      layout_rooms, temple_green, serial_glass, glass_columns_a,
          glass_columns_a, minmay_misc_feat_rows, serial_bayou_lagoon_a,
          hangedman_decor_growths, minmay_a_box_with_orc_wizards_in_it

Skill      XL: |  1  2  3  4  5  6  7  8  9 |
---------------+----------------------------+-----
Conjurations   | 2 3 4 5 6 |  6.4
Dodging        | 3 4 5 |  5.7
Stealth        | 3 4 5 |  5.6
Air Magic      | 5 6 7 |  7.5
Spellcasting   | 3 4 |  4.8
Long Blades    | 1 |  1.0
Fighting       | 1 2 |  2.0
Invocations    | 1 |  1.3

Action                   |  1- 3 |  4- 6 |  7- 9 || total
-------------------------+-------+-------+-------++-------
Melee: Unarmed           |    10 |     3 |    38 ||    51
       Peck              |     3 |       |     7 ||    10
       Kick              |     1 |       |    13 ||    14
       Short sword       |       |     4 |       ||     4
 Cast: Shock             |    81 |    92 |   124 ||   297
       Static Discharge  |       |     6 |    30 ||    36
Invok: Ancestor Identity |     1 |       |       ||     1
       Recall Ancestor   |       |       |     4 ||     4
       Ancestor Life: He |       |       |     1 ||     1
  Use: Potion            |     1 |     3 |       ||     4
       Scroll            |     1 |     1 |     8 ||    10
 Stab: Sleeping          |       |     1 |     2 ||     3
Armor: Robe              |     8 |     6 |     6 ||    20
       Skin              |       |     9 |     2 ||    11
Dodge: Dodged            |    30 |    18 |    48 ||    96

Table legend: (Time is in decaauts)
 A = Elapsed time spent in this place.
 B = Non-inter-level travel time spent in this place.
 C = Inter-level travel time spent in this place.
 D = Time resting spent in this place.
 E = Time spent auto-exploring this place.
 F = Levels seen in this place.
 G = Mean time per level.
                   A        B        C        D        E       F      G
               +--------+--------+--------+--------+--------+-----+--------+
         Total |  10465 |  10276 |    189 |   5039 |   4202 |   7 | 1495.0 |
       Dungeon |  10465 |  10276 |    189 |   5039 |   4202 |   7 | 1495.0 |
               +--------+--------+--------+--------+--------+-----+--------+

Top non-repeatable levels by time:
     D:5: 2268 daAuts
     D:4: 1992 daAuts
     D:6: 1686 daAuts
     D:1: 1632 daAuts
     D:2: 1599 daAuts
     D:3: 1280 daAuts
     D:7: 7 daAuts
